 Dungeon Crawl Stone Soup version 0.31.0-12-g77e489cdc1 (webtiles) character file.

Game seed: 9464954864270162652

16258 lordive the Skirmisher (level 12, 0/108 HPs)
             Began as a Minotaur Hunter on Mar 2, 2024.
             Was a High Priest of Okawaru.
             Slain by a naga
             ... wielding a +0 morningstar
              (7 damage)
             ... on level 3 of the Lair of Beasts.
             The game lasted 00:25:14 (13103 turns).

lordive the Skirmisher (Minotaur Hunter)           Turns: 13103, Time: 00:25:14

Health: 0/108      AC: 22    Str: 17    XL:     12   Next: 8%
Magic:  14/15      EV: 14    Int:  6    God:    Okawaru [*****.]
Gold:   432        SH:  0    Dex: 18    Spells: 11/11 levels left

rFire   . . .        N - +9 shortbow "Yllias" {freeze, rElec}
rCold   . . .        (shield currently unavailable)
rNeg    + . .        u - +5 scale mail of Noon {Fly rN+}
rPois   .            (helmet restricted)
rElec   +            (no cloak)
rCorr   .            P - +1 pair of gloves
SInv    +            q - +0 pair of boots
Will    .....        L - amulet of regeneration
Stlth   ++           d - ring of see invisible
HPRegen 1.18/turn    n - ring of flight
MPRegen 0.14/turn

%: no passive effects
@: lethally poisoned (0 -> -1), heroic, flying, constricted
A: horns 2, retaliatory headbutt, iridescent scales 2
a: Renounce Religion, Heroism, Finesse, Duel


You were on level 3 of the Lair of Beasts.
You worshipped Okawaru.
Okawaru was extremely pleased with you.
You visited 3 branches of the dungeon, and saw 15 of its levels.

You collected 672 gold pieces.
You spent 240 gold pieces at shops.

Inventory:

Hand Weapons
 N - the +9 shortbow "Yllias" (weapon) {freeze, rElec}
   (You bought it in a shop on level 9 of the Dungeon)

   rElec:     It insulates you from electricity.
Missiles
 v - 4 curare-tipped darts
 G - a throwing net
Armour
 j - the +9 plate armour of the Shoals {rElec Int+3 Stlth+}
   (You found it on level 3 of the Lair of Beasts)

   Int+3:     It affects your intelligence (+3).
   rElec:     It insulates you from electricity.
   Stlth+:    It makes you more stealthy.
 q - a +0 pair of boots (worn)
 u - the +5 scale mail of Noon (worn) {Fly rN+}
   (You took it off an orc on level 3 of the Dungeon)

   rN+:       It protects you from negative energy.
   Fly:       It grants you flight.
 x - +0 steam dragon scales
 I - the +3 scale mail "Trusted Companion" {Fly rCorr}
   (You took it off a gnoll on level 9 of the Dungeon)

   Fly:       It grants you flight.
   rCorr:     It protects you from acid and corrosion.
 P - a +1 pair of gloves (worn)
Jewellery
 a - an amulet of reflection
 d - a ring of see invisible (left hand)
 n - a ring of flight (right hand)
 p - a +6 ring of strength
 D - a ring of fire
 K - a +4 ring of protection
 L - an amulet of regeneration (around neck)
Wands
 s - a wand of iceblast (12)
 t - a wand of flame (8)
 A - a wand of polymorph (4)
 C - a wand of paralysis (8)
Scrolls
 b - a scroll of butterflies
 c - 3 scrolls of teleportation
 e - 5 scrolls of fear
 f - 4 scrolls of revelation
 g - 2 scrolls of silence {unknown}
 i - 5 scrolls of noise {unknown}
 l - a scroll of enchant weapon {unknown}
 m - 2 scrolls of vulnerability {unknown}
 r - 2 scrolls of acquirement {unknown}
 w - a scroll of poison {unknown}
 y - a scroll of immolation {unknown}
 H - 2 scrolls of amnesia {unknown}
 O - a scroll of fog {unknown}
Potions
 h - 3 potions of might
 k - 4 potions of mutation
 o - a potion of ambrosia
 z - 2 potions of magic
 B - 3 potions of brilliance
 F - 2 potions of curing
 J - 2 potions of enlightenment
 M - 2 potions of attraction


   Skills:
 + Level 10.7(15.7) Fighting
 + Level 14.9(19.9) Ranged Weapons
 + Level 8.7(13.7) Armour
 * Level 7.8(12.8) Dodging
 - Level 0.7(5.7) Stealth
 + Level 2.0(7.0) Shields
 * Level 6.3 Invocations


You had 11 spell levels left.
You didn't know any spells.
Your spell library contained the following spells:

 Spells                   Type           Power      Damage    Failure   Level
 Apportation              Tloc           0%         N/A       77%         1
 Necrotise                Necr           0%         1d4       77%         1
 Sandblast                Erth           0%         2d4       77%         1
 Sting                    Conj/Alch      0%         1d3       77%         1
 Blink                    Tloc           0%         N/A       88%         2
 Lesser Beckoning         Tloc           0%         N/A       88%         2
 Momentum Strike          Conj/Tloc      0%         3d8       88%         2
 Inner Flame              Hex/Fire       0%         N/A       98%         3
 Passwall                 Erth           0%         N/A       98%         3
 Stone Arrow              Conj/Erth      0%         3d7       98%         3
 Brom's Barrelling Bould  Conj/Erth      0%         2d3       100%        4
 Flame Wave               Conj/Fire      0%         2d4       100%        4
 Sticky Flame             Fire/Alch      0%         2d4       100%        4
 Eringya's Noxious Bog    Alch           0%         4d6       100%        6
 Summon Small Mammal      Summ           Unusable   N/A       N/A         1
 Summon Forest            Summ/Tloc      Unusable   N/A       N/A         5
 Summon Hydra             Summ           Unusable   N/A       N/A         7

Dungeon Overview and Level Annotations

Branches:
Dungeon (11/15)            Temple (1/1) D:4            Lair (3/5) D:8
  Swamp: Lair:2-3    Shoals: Lair:2-3     Snake: Lair:2-3    Spider: Lair:2-3
    Orc: D:9-12

Altars:
Ashenzari
Cheibriados
Dithmenos
Elyvilon
Fedhas
Gozag
Hepliaklqana
Kikubaaqudgha
Makhleb
Nemelex Xobeh
Okawaru
Qazlal
Ru
Sif Muna
Trog
Uskayaw
Vehumet
Wu Jian
Xom
Yredelemnul
Zin
The Shining One

Shops:
D:5 =   D:8 :   D:9 (*?

Annotations:
D:5 3 runed translucent doors, Curundu's ghost, novice MiBe
Lair:3 1 runed translucent door, wingedge's ghost, journeyman DgEE


Innate Abilities, Weirdness & Mutations

You have a pair of horns on your head.
You reflexively headbutt those who attack you in melee.
You are mostly covered in iridescent scales. (AC +4)


Message History

Okawaru accepts your kill.
The sentinel's mark upon you fades away.
You feel very sick. The naga spits poison at you.
The splash of poison misses you.
Fire: N) +9 shortbow "Yllias" {freeze, rElec}
Press: ? - help, Q - select action, (/) - cycle Shift-Dir - straight line, f - naga
Aim: a naga, wielding a +0 morningstar (catching its breath, 78% to hit)
You shoot an arrow. The arrow completely misses the naga.
You feel sick. The naga closely misses you. You furiously retaliate!
You headbutt the naga. The naga completely misses you.
Fire: N) +9 shortbow "Yllias" {freeze, rElec}
Press: ? - help, Q - select action, (/) - cycle Shift-Dir - straight line, f/p - naga
Aim: a naga, wielding a +0 morningstar (lightly wounded, catching its breath, 78% to hit)
You shoot an arrow. The arrow barely misses the naga.
You feel sick.
The naga hits you with a +0 morningstar.
* * * LOW HITPOINT WARNING * * *
The naga grabs you. The naga constricts you.
* * * LOW HITPOINT WARNING * * *
Fire: N) +9 shortbow "Yllias" {freeze, rElec}
Press: ? - help, Q - select action, (/) - cycle Shift-Dir - straight line, f/p - naga
Aim: a naga, wielding a +0 morningstar (lightly wounded, constricting you, catching its breath, 78% to hit)
You shoot an arrow. The arrow barely misses the naga.
You feel sick. The naga closely misses you. The naga constricts you.
* * * LOW HITPOINT WARNING * * *
Fire: N) +9 shortbow "Yllias" {freeze, rElec}
Press: ? - help, Q - select action, (/) - cycle Shift-Dir - straight line, f/p - naga
Aim: a naga, wielding a +0 morningstar (lightly wounded, constricting you, catching its breath, 78% to hit)
You shoot an arrow. The arrow hits the naga!
The arrow freezes the naga.
The naga is heavily wounded.
You feel sick.
Fire: N) +9 shortbow "Yllias" {freeze, rElec}
Press: ? - help, Q - select action, (/) - cycle Shift-Dir - straight line, f/p - naga
Aim: a naga, wielding a +0 morningstar (heavily wounded, constricting you, catching its breath, 78% to hit)
You shoot an arrow. The arrow hits the naga!
The arrow freezes the naga.
The naga is almost dead.
You feel sick.
The naga hits you with a +0 morningstar!
You die...

##..## ♣♣♣♣ #....#
####..##♣ ♣## #
##.Y.♣♣ ..# ## #....♣
♣.## P# ###...♣♣
♣♣..# ####......♣♣
♣♣...#
.#.##......♣♣♣.†..###
...........#...†@N..#
...........#...##).##
.......#........#P..#
..#....##....######.#
###.##..#...#.# #.#
####.÷....#.# ..#
##.......# ..##
##..#...####....
###.#..........


You could see a naga (catching breath).

Vanquished Creatures
  A catoblepas (Lair:3)
  2 two-headed ogres
  A lindwurm (Lair:1)
  An ugly thing (D:11)
  An oklob plant (Lair:1)
  2 black mambas (Lair:3)
  4 elephants
  Maggie (D:6)
  3 cane toads
  2 komodo dragons
  A troll (D:8)
  A polar bear (Lair:2)
  A hornet (D:9)
  Grinder (D:4)
  A tyrant leech (Lair:3)
  8 blink frogs
  Sigmund (D:4)
  A wraith (D:5)
  7 yaks
  4 wyverns
  A steam dragon (D:8)
  2 basilisks
  Edmund (D:6)
  2 swamp worms (Lair:3)
  3 water moccasins (Lair:2)
  2 acid dragons
  2 nagas (Lair:3)
  An orc warrior (D:10)
  An ice beast (D:5)
  3 black bears
  An ogre (D:5)
  The ghost of lordive the Slasher, an amateur OpMo (D:3)
  2 phantoms
  3 centaurs
  2 kobold brigands
  2 gnoll sergeants
  4 scorpions
  12 bullfrogs
  8 wights
  An electric eel (Lair:1)
  A jelly (D:6)
  A bombardier beetle (D:4)
  3 orc priests (D:9)
  6 hounds
  A gnoll bouda (D:5)
  An iguana (D:5)
  12 orc wizards
  A statue (D:4)
  A hound zombie (D:5)
  11 adders
  22 gnolls
  A shadow imp (D:7)
  A white imp (D:8)
  An adder zombie (D:5)
  4 dart slugs
  26 orcs
  5 ball pythons
  5 bats
  4 endoplasms
  8 giant cockroaches
  9 goblins
  7 hobgoblins
  4 jackals
  5 quokkas
  5 frilled lizards
  11 kobolds
  6 rats
260 creatures vanquished.

Notes
Turn   | Place    | Note
-------+----------+-------------------------------------------
     0 | D:1      | lordive the Minotaur Hunter began the quest for the Orb.
     0 | D:1      | Reached XP level 1. HP: 18/18 MP: 0/0
   174 | D:1      | Reached XP level 2. HP: 23/25 MP: 1/1
   219 | D:1      | Reached skill level 5 in Ranged Weapons
   777 | D:2      | Reached XP level 3. HP: 30/30 MP: 2/2
   781 | D:2      | Identified the +0 plate armour of Leaves {+Inv Str+2}
  1134 | D:2      | Found a bloodstained altar of Trog.
  1290 | D:2      | Reached XP level 4. HP: 37/37 MP: 3/3
  1482 | D:3      | Found a stormy altar of Qazlal.
  1492 | D:3      | Reached skill level 1 in Armour
  1609 | D:3      | Reached skill level 6 in Ranged Weapons
  1881 | D:3      | Found a runed translucent gate.
  1927 | D:3      | Found a runed translucent gate.
  1928 | D:3      | Found a runed translucent gate.
  1929 | D:3      | Identified the +2 short sword of Bread {vamp, Will+ Int+5
                  | Dex+3}
  1929 | D:3      | Identified the +5 scale mail of Noon {Fly rN+}
  1931 | D:3      | Noticed lordive's ghost (amateur OpMo)
  2054 | D:3      | Reached XP level 5. HP: 35/45 MP: 4/4
  2476 | D:3      | Gained mutation: You are partially covered in iridescent
                  | scales. (AC +2) [potion of mutation]
  2476 | D:3      | Gained mutation: You are mostly covered in iridescent
                  | scales. (AC +4) [potion of mutation]
  2483 | D:3      | Killed lordive's ghost
  2487 | D:3      | Reached skill level 7 in Ranged Weapons
  2689 | D:4      | Noticed Sigmund
  2707 | D:4      | Killed Sigmund
  2708 | D:4      | Reached XP level 6. HP: 52/52 MP: 5/5
  2806 | D:4      | Found a staircase to the Ecumenical Temple.
  2972 | D:4      | Reached XP level 7. HP: 59/59 MP: 6/6
  3059 | D:4      | Reached skill level 8 in Ranged Weapons
  3108 | D:4      | Found a radiant altar of Vehumet.
  3724 | D:5      | Entered Level 5 of the Dungeon
  3774 | D:5      | Noticed Grinder
  3776 | D:5      | Paralysed by Grinder for 2 turns
  3790 | D:4      | Paralysed by Grinder for 2 turns
  3805 | D:4      | Killed Grinder
  3806 | D:4      | Reached skill level 5 in Fighting
  3997 | D:5      | Reached skill level 9 in Ranged Weapons
  3997 | D:5      | Reached XP level 8. HP: 59/68 MP: 7/7
  4221 | D:5      | Reached skill level 10 in Ranged Weapons
  4406 | D:5      | Found a runed translucent gate.
  4406 | D:5      | Found a runed translucent gate.
  4406 | D:5      | Found a runed translucent gate.
  4406 | D:5      | Noticed Curundu's ghost (novice MiBe)
  4606 | D:5      | Found an ornate altar of the Wu Jian Council.
  4606 | D:5      | Found a snail-covered altar of Cheibriados.
  4628 | D:5      | Found a sacrificial altar of Ru.
  4628 | D:5      | Found an ancient bone altar of Kikubaaqudgha.
  4649 | D:5      | Found Dekuma's Jewellery Boutique.
  4686 | D:5      | Found a basalt altar of Yredelemnul.
  4832 | D:6      | Noticed Edmund
  4847 | D:6      | Killed Edmund
  5015 | D:6      | Reached skill level 11 in Ranged Weapons
  5063 | D:6      | Reached XP level 9. HP: 78/78 MP: 8/8
  5185 | D:6      | Noticed Maggie
  5198 | D:6      | Reached skill level 5 in Armour
  5204 | D:6      | Killed Maggie
  5532 | D:6      | Reached skill level 12 in Ranged Weapons
  5904 | Temple   | Entered the Ecumenical Temple
  5916 | Temple   | Became a worshipper of Warmaster Okawaru
  6960 | D:8      | Reached skill level 1 in Invocations
  6974 | D:8      | Reached * piety under Okawaru
  7009 | D:8      | Found Neatefribu's Book Boutique.
  7137 | D:8      | Noticed a troll
  7137 | D:8      | Noticed a two-headed ogre
  7142 | D:8      | Killed a troll
  7153 | D:8      | Killed a two-headed ogre
  7153 | D:8      | Reached ** piety under Okawaru
  7154 | D:8      | Reached skill level 5 in Dodging
  7154 | D:8      | Reached XP level 10. HP: 25/88 MP: 10/10
  7399 | D:8      | Noticed an elephant
  7412 | D:8      | Killed an elephant
  7413 | D:8      | Reached skill level 13 in Ranged Weapons
  7712 | D:8      | Found a staircase to the Lair.
  7712 | D:8      | Noticed an elephant
  7725 | D:8      | Killed an elephant
  7886 | D:9      | Found Qasunguhi's Magic Scroll Boutique.
  7901 | D:9      | Reached skill level 1 in Shields
  7949 | D:9      | Bought a scroll of identify for 24 gold pieces
  7974 | D:9      | Reached *** piety under Okawaru
  8193 | D:9      | Found Deuhivio's General Store.
  8213 | D:9      | Identified the +3 scale mail "Trusted Companion" {Fly
                  | rCorr}
  8771 | D:9      | Found Loti's Antique Weapon Emporium.
  8976 | Lair:1   | Entered Level 1 of the Lair of Beasts
  8979 | Lair:1   | Noticed a cane toad
  8993 | Lair:1   | Killed a cane toad
  9059 | Lair:1   | Noticed a lindwurm
  9162 | D:10     | Entered Level 10 of the Dungeon
  9230 | D:10     | Found a glowing golden altar of the Shining One.
  9256 | D:10     | Found a shimmering altar of Xom.
  9301 | D:10     | Reached **** piety under Okawaru
  9393 | D:10     | Reached XP level 11. HP: 87/95 MP: 13/13
  9583 | D:10     | Noticed a two-headed ogre
  9587 | D:10     | Killed a two-headed ogre
  9588 | D:10     | Reached skill level 14 in Ranged Weapons
  9898 | D:11     | Noticed a red ugly thing
  9911 | D:11     | Killed a red ugly thing
  9950 | D:11     | Noticed a boulder beetle
  9994 | D:9      | Bought an iridescent shortbow for 216 gold pieces
  9994 | D:9      | Identified the +9 shortbow "Yllias" {freeze, rElec} (You
                  | bought it in a shop on level 9 of the Dungeon)
 10065 | Lair:1   | Killed a lindwurm
 10140 | Lair:1   | Reached ***** piety under Okawaru
 10222 | Lair:1   | Reached skill level 5 in Invocations
 10272 | Lair:1   | Noticed an oklob plant
 10332 | Lair:1   | Killed an oklob plant
 11611 | Lair:2   | Reached skill level 10 in Fighting
 12247 | Lair:3   | Received a gift from Okawaru
 12263 | Lair:3   | Found a runed translucent door.
 12264 | Lair:3   | Noticed wingedge's ghost (journeyman DgEE)
 12424 | Lair:3   | Noticed a catoblepas
 12431 | Lair:3   | Killed a catoblepas
 12461 | Lair:3   | Identified the +9 plate armour of the Shoals {rElec Int+3
                  | Stlth+}
 12714 | Lair:3   | Reached XP level 12. HP: 72/108 MP: 15/15
 13103 | Lair:3   | Slain by a naga

Illustrated notes

Levels and vault maps discovered:
D:1:      dpeg_arrival_signposts, layout_loops_ring
D:2:      layout_basic, basic_altar
D:3:      layout_basic, grunt_qazlal_clouds, biasface_ghost_orc_armoury,
          minmay_pentomino_pile
D:4:      layout_loops_corners, vehumet_statue,
          minmay_temple_entry_statues_fountains, uniq_sigmund
D:5:      layout_cave_pools, nicolae_yredelemnul_ghost_church,
          mainiacjoe_overflow_alcove_3, serial_shops, nicolae_take_the_stairs,
          minmay_chambers_of_fives, uniq_grinder
D:6:      wander_river, layout_basic, uniq_edmund, uniq_maggie
D:7:      layout_loops_corners, nrook_uturn
D:8:      layout_basic, grunt_lair_entry_orc_guard_hut, serial_shops,
          nicolae_shop_competitors_out_of_business
D:9:      layout_roguey, serial_shops, kennysheep_mini_moat,
          nicolae_shop_advertising_works [nicolae_subvault_shop_adworks], shop,
          enter_bailey_2
D:10:     layout_long_grid, mainiacjoe_overflow_catwalk_spiral
D:11:     layout_loops_cross, serial_shops, nicolae_shop_overgrown_old_shop
Temple:   hellmonk_temple_forest_ring
Lair:1:   layout_loops_ring, minmay_lair_oklob_bushes, nicolae_lair_lindhole,
          serial_bayou_shore_a
Lair:2:   layout_concentric_octagons, beast_lair_carwin_9
Lair:3:   layout_layer_cave, minmay_swamp_entry_worms,
          nicolae_snake_entry_squirm, hellmonk_ghost_happy_afterlife

Skill      XL: |  1  2  3  4  5  6  7  8  9 10 11 |
---------------+----------------------------------+-----
Ranged Weapons | 5 6 7 9 11 12 13 14 | 14.9
Fighting       | 3 4 5 6 8 10 | 10.7
Armour         | 1 2 3 4 6 7 8 |  8.7
Dodging        | 3 5 6 7 |  7.8
Invocations    | 2 4 6 |  6.3
Shields        | 2 |  2.0
Stealth        | |  0.7

Action                     |  1- 3 |  4- 6 |  7- 9 | 10-12 || total
---------------------------+-------+-------+-------+-------++-------
  Melee: Short sword       |       |    16 |     8 |       ||    24
         Unarmed           |       |     7 |       |       ||     7
         Headbutt          |       |     4 |     2 |       ||     6
   Fire: Shortbow          |   104 |   127 |   239 |   216 ||   686
         Orcbow            |       |       |   225 |   270 ||   495
  Throw: Dart              |       |       |       |     1 ||     1
 Invoke: Heroism           |       |       |       |     2 ||     2
    Use: Potion            |       |     4 |     6 |     1 ||    11
         Scroll            |       |       |       |    10 ||    10
   Stab: Invisible         |       |     3 |       |       ||     3
 Armour: Leather armour    |    20 |       |       |       ||    20
         Scale mail        |     6 |    59 |   216 |   259 ||   540
  Dodge: Dodged            |    36 |    56 |   142 |   178 ||   412
  Block: Other             |       |       |     5 |    27 ||    32
